 Dungeon Crawl Stone Soup version 0.25-a0-426-g7d9e569eea (webtiles) character file.

Game seed: 1259024045121342330, levelgen mode: deterministic

181005 ReteAZ the Executioner (level 17, 0/160 HPs)
             Began as a Minotaur Berserker on Jan 24, 2020.
             Was an Elder of Trog.
             Slain by an ettin
             ... wielding a +0 dire flail
             ... summoned by a boggart
              (4 damage)
             ... on level 2 of the Depths on Jan 25, 2020.
             The game lasted 00:59:16 (33539 turns).

ReteAZ the Executioner (Minotaur Berserker)        Turns: 33539, Time: 00:59:18

Health: 0/160      AC: 27    Str: 25    XL:     17   Next: 66%
Magic:  20/20      EV: 16    Int:  8    God:    Trog [****..]
Gold:   4092       SH:  0    Dex: 17    Spells: 16/16 levels left

rFire    + + .     SeeInvis .   m - +3 executioner's axe (flame)
rCold    . . .     Gourm    +   (shield currently unavailable)
rNeg     + . .     Faith    .   M - +4 chain mail {rF+}
rPois    .         Spirit   .   T - +2 hat {Int+3}
rElec    .         Reflect  .   j - +2 cloak
rCorr    .         Harm     .   l - +0 pair of gloves
MR       ++...                  P - +0 pair of boots
Stlth    ..........             U - amulet "Zyotenu" {Gourm *Contam rN+ Dex+4}
HPRegen  0.36/turn              u - ring of protection from fire
MPRegen  0.17/turn              J - ring of protection from magic

@: berserk cooldown, slowed, very slow
A: retaliatory headbutt, horns 2
a: Berserk, Trog's Hand, Brothers in Arms, Renounce Religion


You were on level 2 of the Depths.
You worshipped Trog.
Trog was greatly pleased with you.
You were very full.

You visited 6 branches of the dungeon, and saw 27 of its levels.
You also visited: Bailey, Gauntlet and Volcano.

You collected 4481 gold pieces.
You spent 389 gold pieces at shops.

Inventory:

Hand Weapons
 m - a +3 executioner's axe of flaming (weapon)
 A - a +2 battleaxe
 W - a +5 executioner's axe
Missiles
 i - 3 throwing nets (quivered)
 C - 11 javelins
Armour
 j - a +2 cloak (worn)
 l - a +0 pair of gloves (worn)
 o - +0 fire dragon scales
 M - a +4 chain mail of fire resistance (worn)
 P - a +0 pair of boots (worn)
 T - a +2 hat of intelligence (worn)
Jewellery
 u - a ring of protection from fire (left hand)
 J - a ring of protection from magic (right hand)
 L - an uncursed amulet of magic regeneration
 O - an uncursed ring of see invisible
 U - the amulet "Zyotenu" (around neck) {Gourm *Contam rN+ Dex+4}
   (You found it on level 3 of the Lair of Beasts)

   [amulet of the gourmand]

   It allows you to eat raw meat even when not hungry.
   It affects your dexterity (+4).
   It protects you from negative energy.
   It causes magical contamination when unequipped.
 Z - an uncursed ring of protection from cold
Wands
 d - a wand of digging (13)
 r - a wand of clouds (4)
 w - a wand of scattershot (7)
 y - a wand of flame (68)
 E - a wand of polymorph (25)
 F - a wand of enslavement (8)
 I - a wand of iceblast (10)
 K - a wand of acid (6)
Scrolls
 b - a scroll of summoning
 e - 8 scrolls of teleportation
 k - 4 scrolls of fear
 n - 2 scrolls of enchant armour
 p - 7 scrolls of blinking
 t - a scroll of torment {unknown}
 z - 3 scrolls of enchant weapon
 H - 2 scrolls of fog
 N - 10 scrolls of remove curse
 R - 2 scrolls of magic mapping
 Y - a scroll of identify
Potions
 a - a potion of haste
 f - 3 potions of mutation
 g - a potion of magic {unknown}
 h - 4 potions of flight
 q - 7 potions of curing
 s - a potion of cancellation {unknown}
 v - 5 potions of might
 x - 2 potions of lignification {unknown}
 B - 3 potions of agility
 D - 5 potions of brilliance
 Q - a potion of berserk rage
 S - 2 potions of invisibility
 X - 3 potions of resistance
Comestibles
 c - 41 rations


   Skills:
 - Level 16.6 Fighting
 + Level 24.2 Axes
 - Level 16.4 Armour
 * Level 11.3 Dodging
 - Level 6.0 Evocations


You had 16 spell levels left.
You didn't know any spells.
Your spell library was empty.

Dungeon Overview and Level Annotations

Branches:
Dungeon (15/15)            Temple (0/1) D:6            Lair (6/6) D:10
 Shoals (0/4) Lair:3       Spider (1/4) Lair:4        Slime (0/5) Lair:5
    Orc (2/2) D:12            Elf (1/3) Orc:2        Vaults (0/5) D:13
 Depths (2/5) D:15         Bailey (visited)         Volcano (visited)
Gauntlet (visited)

Altars:
Cheibriados
Elyvilon
Hepliaklqana
Makhleb
Nemelex Xobeh
Qazlal
Yredelemnul
The Shining One
Jiyva

Shops:
D:5 [   D:6 [   D:15 }   Orc:2 [%%[

Portals:
Hell: Depths:1
Ziggurat: Depths:1

Annotations:
Lair:3 3 runed translucent doors, exclusion: oklob plant, Hosow's ghost, journeyman GnFi; Raiwk's ghost, journeyman DrAE; Roikka's ghost, journeyman CeGl
Depths:2 Mara


Innate Abilities, Weirdness & Mutations

You reflexively headbutt those who attack you in melee.
You have a pair of horns on your head.


Message History

The air twists around and strikes you.
The boggart gestures wildly while chanting.
You feel sick.
You are no longer poisoned.
The boggart mumbles some strange words.
You hear some strange, mumbled words.
The ettin closely misses you.
The ettin hits you with a +0 dire flail!!
* * * LOW HITPOINT WARNING * * *
The boggart gestures wildly while chanting.
The spriggan air mage waves its arms in wide circles.
The air twists around and strikes you.
The spriggan berserker utters an invocation to Trog.
You hear some strange, mumbled words.
The spriggan air mage waves its arms in wide circles.
The air twists around and strikes you!
* * * LOW HITPOINT WARNING * * *
The spriggan berserker prays to Trog.
The boggart casts a spell.
The ettin hits you with a +0 dire flail.
You die...

## #### .. ...#
.# #.
#####...#..# #.
#.......#.... #.
#.#..........
#.##.#i..........
#.@CCQG##.....#.
#.##..DgiC.....
#. #..J{J#.#.####
## #####CJ)......
#.g...###.#
#.........#
#$#...#####
#.....# #.#.#.#


You could see a fire dragon, a stone giant, a great orb of eyes, 3 ettins, 3
slime creatures, a tengu warrior, a spriggan berserker, a spriggan air mage and
2 boggarts.

Vanquished Creatures
  Gastronok (Lair:2)
  Kirke (D:15)
  A fire giant (Depths:1)
  A balrug (Depths:1)
  A deep elf elementalist (Elf:1)
  An emperor scorpion (Spider:1)
  An entropy weaver (Spider:1)
  Nessos (D:13)
  3 stone giants (Depths:1)
  A minotaur (Gauntlet)
  A dire elephant (Lair:6)
  2 ettins
  2 fire dragons (Depths:1)
  7 ogre magi
  A rakshasa (D:14)
  3 yaktaur captains
  A great orb of eyes (Depths:1)
  Josephine (D:13)
  Harold (Lair:1)
  4 vault guards (D:13)
  2 deep elf high priests (Elf:1)
  3 ice dragons (Depths:1)
  4 centaur warriors
  10 hydras
  A death knight (D:14)
  35 two-headed ogres
  6 dancing weapons (Elf:1)
  A deep troll earth mage (D:15)
  2 deep troll shamans (Depths:1)
  A catoblepas (Gauntlet)
  6 tengu warriors
  An orc high priest (Elf:1)
  A hell hog (Gauntlet)
  Urug (D:12)
  4 death yaks
  2 sun demons (Depths:1)
  Sonja (Lair:4)
  3 deep elf knights (Elf:1)
  A fire crab (Lair:5)
  An iron troll (Depths:1)
  5 skeletal warriors (D:14)
  An unseen horror (D:14)
  A spark wasp zombie (Depths:2)
  7 deep trolls (Depths:1)
  A necromancer (Depths:2)
  3 deep elf archers (Elf:1)
  A lindwurm (Orc:2)
  6 wizards
  2 harpies (Lair:6)
  2 orc knights (Orc:2)
  26 ugly things
  A sphinx skeleton (Depths:2)
  A frost giant zombie (Depths:2)
  7 wolf spiders
  17 deep elf magi
  8 cyclopes
  An orb spider (shapeshifter) (D:13)
  3 manticores
  4 elephants (Lair:5)
  2 merfolk sirens (Lair:3)
  Joseph (D:9)
  2 black mambas
  3 centaur skeletons
  7 molten gargoyles
  6 gargoyles
  13 spiny frogs
  A frost giant skeleton (Depths:2)
  9 komodo dragons
  3 freezing wraiths
  4 efreet
  2 kobold demonologists (D:9)
  2 rime drakes (Lair:6)
  2 demonic crawlers (Spider:1)
  6 yaktaurs
  A queen bee (shapeshifter) (Elf:1)
  2 tengu conjurers
  5 jumping spiders (Spider:1)
  9 polar bears
  5 trolls
  2 merfolk (Lair:3)
  5 hornets
  8 blink frogs
  10 hippogriffs
  Prince Ribbit (D:8)
  7 slime creatures
  4 dream sheep (Lair:3)
  2 meliai zombies
  4 redbacks
  An air elemental (Elf:1)
  2 shadows
  4 wraiths (D:13)
  45 yaks
  2 water elementals
  3 wyverns
  5 tarantellas
  3 fire bats (Gauntlet)
  2 basilisks (D:14)
  A human (D:8)
  4 fire elementals
  Eustachio (D:5)
  4 hogs (D:8)
  A hungry ghost (D:11)
  A soldier ant (D:12)
  2 wargs (Orc:2)
  17 water moccasins
  2 acid dragons
  8 porcupines
  Duvessa (D:6)
  2 hell hounds (Gauntlet)
  16 orc warriors
  4 ice beasts
  3 sky beasts
  4 eyes of draining
  2 black bears
  A necrophage (D:7)
  A phantom (D:14)
  33 ogres
  17 wolves
  6 centaurs
  14 crocodiles
  4 big kobolds
  22 bullfrogs
  A wyvern zombie (D:13)
  2 earth elementals
  Dowan (D:6)
  A wyvern skeleton (D:14)
  5 scorpions
  5 wights (D:14)
  3 howler monkeys
  7 electric eels
  A bullfrog zombie (D:12)
  9 crimson imps
  4 centaur zombies
  8 hounds
  4 quasits
  A bullfrog skeleton (D:10)
  3 jellies
  14 orc priests
  19 orc wizards
  6 iguanas
  10 worker ants
  A centaur simulacrum (D:10)
  A hound zombie (D:11)
  2 hound skeletons
  A worker ant zombie (D:11)
  10 gnolls
  2 howler monkey skeletons
  9 adders
  A hound simulacrum (D:10)
  4 shadow imps
  5 white imps
  2 ufetubi (D:10)
  2 oozes
  An adder zombie (D:6)
  An adder skeleton (D:4)
  3 worms
  A dart slug (D:4)
  An adder simulacrum (D:10)
  12 leopard geckos
  82 orcs
  3 giant cockroaches
  9 goblins
  6 hobgoblins
  11 jackals
  10 kobolds
  3 quokkas
  A ball python (D:3)
  13 bats
  3 frilled lizards
  A quokka skeleton (D:7)
  2 quokka zombies
  8 rats
  2 fire vortices (Volcano)
  4 fungi
  5 plants
910 creatures vanquished.

Vanquished Creatures (collateral kills)
  A merfolk avatar (Lair:6)
  An elephant (Lair:6)
  A rime drake (Lair:6)
  3 blink frogs (Lair:6)
6 creatures vanquished.

Vanquished Creatures (others)
  An ice dragon (Depths:1)
  An unseen horror (D:13)
  Maurice (D:9)
  3 humans (D:15)
  A hound (D:14)
  A fire vortex (Volcano)
  9 fungi
  23 plants
  4 withered plants (Lair:3)
44 creatures vanquished.

Grand Total: 960 creatures vanquished

Notes
Turn   | Place    | Note
-------+----------+-------------------------------------------
     0 | D:1      | ReteAZ the Minotaur Berserker began the quest for the Orb.
     0 | D:1      | Reached XP level 1. HP: 19/19 MP: 0/0
    89 | D:1      | Reached skill level 4 in Axes
   101 | D:1      | Reached XP level 2. HP: 23/27 MP: 1/1
   748 | D:2      | Found a snail-covered altar of Cheibriados.
   820 | D:2      | Reached XP level 3. HP: 33/33 MP: 2/2
   947 | D:2      | Found a faded altar of an unknown god.
  1040 | D:2      | Reached ** piety under Trog
  1163 | D:2      | Reached XP level 4. HP: 21/40 MP: 3/3
  1165 | D:2      | Reached skill level 5 in Axes
  1594 | D:3      | Found a hazy altar of Hepliaklqana.
  1594 | D:3      | Found a sparkling altar of Nemelex Xobeh.
  1834 | D:3      | Found a burning altar of Makhleb.
  2014 | D:3      | Reached XP level 5. HP: 46/47 MP: 4/4
  2146 | D:3      | Noticed a cacodemon
  2451 | D:4      | Reached skill level 6 in Axes
  2483 | D:4      | Reached *** piety under Trog
  2483 | D:4      | Reached skill level 5 in Fighting
  2504 | D:4      | Reached XP level 6. HP: 56/56 MP: 5/5
  2934 | D:4      | Reached skill level 7 in Axes
  3348 | D:5      | Entered Level 5 of the Dungeon
  3370 | D:5      | Reached skill level 5 in Armour
  3370 | D:5      | Reached XP level 7. HP: 56/62 MP: 6/6
  3379 | D:5      | Noticed Eustachio
  3389 | D:5      | Killed Eustachio
  3468 | D:5      | Reached skill level 8 in Axes
  3540 | D:5      | Found a white marble altar of Elyvilon.
  3936 | D:5      | Found Siew's Armour Shop.
  4034 | D:5      | Found a basalt altar of Yredelemnul.
  4268 | D:6      | Noticed Dowan
  4268 | D:6      | Noticed Duvessa
  4272 | D:6      | Reached **** piety under Trog
  4280 | D:6      | Killed Duvessa
  4280 | D:6      | Reached XP level 8. HP: 71/71 MP: 7/7
  4281 | D:6      | Killed Dowan
  4347 | D:6      | Found a basalt altar of Yredelemnul.
  4384 | D:6      | Reached skill level 9 in Axes
  4590 | D:6      | Found a staircase to the Ecumenical Temple.
  4610 | D:6      | Found Ucaikad's Armour Boutique.
  5101 | D:7      | Noticed a hippogriff
  5107 | D:7      | Killed a hippogriff
  5107 | D:7      | Reached skill level 10 in Axes
  5266 | D:7      | Found a flagged portal.
  5365 | Bailey   | Entered a bailey
  5827 | D:7      | Reached XP level 9. HP: 79/79 MP: 8/8
  6337 | D:8      | Found a stormy altar of Qazlal.
  6353 | D:8      | Noticed Prince Ribbit
  6363 | D:8      | Killed Prince Ribbit
  6363 | D:8      | Reached skill level 11 in Axes
  6491 | D:8      | Noticed a two-headed ogre
  6499 | D:8      | Killed a two-headed ogre
  6860 | D:8      | Reached skill level 12 in Axes
  6872 | D:8      | Reached XP level 10. HP: 89/89 MP: 9/9
  6946 | D:9      | Reached skill level 13 in Axes
  7014 | D:9      | Noticed a two-headed ogre
  7023 | D:9      | Killed a two-headed ogre
  7180 | D:6      | Bought a +0 pair of boots for 45 gold pieces
  7212 | D:5      | Bought a +3 chain mail of fire resistance for 344 gold
                  | pieces
  7358 | D:9      | Noticed Maurice
  7421 | D:9      | Noticed Joseph
  7429 | D:9      | Killed Joseph
  7429 | D:9      | Reached skill level 14 in Axes
  7604 | D:9      | Reached skill level 15 in Axes
  7665 | D:9      | Reached ***** piety under Trog
  7665 | D:9      | Received a gift from Trog
  7817 | D:9      | Killed Maurice
  7918 | D:10     | Entered Level 10 of the Dungeon
  8019 | D:10     | Reached skill level 16 in Axes
  8019 | D:10     | Reached XP level 11. HP: 89/95 MP: 10/10
  9350 | D:10     | Noticed a two-headed ogre
  9358 | D:10     | Killed a two-headed ogre
  9358 | D:10     | Received a gift from Trog
  9747 | D:11     | Found a basalt altar of Yredelemnul.
  9921 | D:11     | Reached skill level 10 in Fighting
  9926 | D:11     | Reached skill level 17 in Axes
 10188 | D:11     | Noticed a white ugly thing
 10202 | D:11     | Killed a white ugly thing
 10263 | D:11     | Paralysed by a hornet for 2 turns
 10269 | D:11     | Reached skill level 10 in Armour
 10488 | D:11     | Noticed a cyan ugly thing
 10495 | D:11     | Killed a cyan ugly thing
 10844 | D:12     | Noticed Urug
 10846 | D:12     | Reached XP level 12. HP: 99/106 MP: 11/11
 10853 | D:12     | Killed Urug
 11397 | D:12     | Received a gift from Trog
 11457 | D:12     | Found a staircase to the Orcish Mines.
 11964 | D:10     | Found a staircase to the Lair.
 12011 | Lair:1   | Entered Level 1 of the Lair of Beasts
 12020 | Lair:1   | Reached skill level 18 in Axes
 12444 | Lair:1   | Noticed Harold
 12455 | Lair:1   | Killed Harold
 13190 | Lair:1   | Noticed a four-headed hydra
 13194 | Lair:1   | Reached skill level 1 in Evocations
 13199 | Lair:1   | Killed a one-headed hydra
 13623 | Lair:2   | Noticed a seven-headed hydra
 13630 | Lair:2   | Killed a three-headed hydra
 13695 | Lair:2   | Noticed a six-headed hydra
 13704 | Lair:2   | Killed a one-headed hydra
 14171 | Lair:2   | Noticed Gastronok
 14181 | Lair:2   | Killed Gastronok
 14232 | Lair:2   | Reached XP level 13. HP: 110/116 MP: 14/14
 14458 | Lair:3   | Reached skill level 19 in Axes
 14465 | Lair:3   | Received a gift from Trog
 14614 | Lair:3   | Found a staircase to the Shoals.
 14860 | Lair:3   | Got a warped brass amulet
 14949 | Lair:3   | Found a runed translucent gate.
 14949 | Lair:3   | Found a runed translucent gate.
 14949 | Lair:3   | Found a runed translucent gate.
 14949 | Lair:3   | Noticed Hosow's ghost (journeyman GnFi)
 14949 | Lair:3   | Noticed Raiwk's ghost (journeyman DrAE)
 14950 | Lair:3   | Noticed Roikka's ghost (journeyman CeGl)
 15123 | Lair:3   | You fall into a shaft and drop 3 floors!
 15123 | Lair:6   | Entered Level 6 of the Lair of Beasts
 15159 | Lair:6   | Noticed a dire elephant
 15167 | Lair:6   | Paralysed by a hornet for 1 turns
 15183 | Lair:6   | Killed a dire elephant
 15803 | Lair:5   | Identified the amulet "Zyotenu" {Gourm *Contam rN+ Dex+4}
                  | (You found it on level 3 of the Lair of Beasts)
 15890 | Lair:5   | Found a staircase to the Slime Pits.
 15891 | Lair:5   | Found a viscous altar of Jiyva.
 16188 | Lair:5   | Received a gift from Trog
 16299 | Lair:5   | Reached skill level 5 in Evocations
 16691 | Lair:4   | Reached skill level 20 in Axes
 16890 | Lair:4   | Found a hole to the Spider Nest.
 16902 | Lair:4   | Reached XP level 14. HP: 109/129 MP: 17/17
 16974 | Lair:4   | Noticed Sonja
 17363 | Lair:4   | Found a glowing golden altar of the Shining One.
 19050 | Lair:4   | Killed Sonja
 19050 | Lair:4   | Received a gift from Trog
 19178 | Orc:1    | Entered Level 1 of the Orcish Mines
 19329 | Orc:2    | Entered Level 2 of the Orcish Mines
 19343 | Orc:2    | Found a gate leading to a gauntlet.
 19359 | Gauntlet | Entered a Gauntlet
 19359 | Gauntlet | Found a transporter.
 19359 | Gauntlet | Found a transporter.
 19363 | Gauntlet | Found a transporter.
 19363 | Gauntlet | Found a transporter.
 19363 | Gauntlet | Found a transporter.
 19363 | Gauntlet | Found a transporter.
 19371 | Gauntlet | Noticed a balrug
 19373 | Gauntlet | Found a transporter.
 19374 | Gauntlet | Found a transporter.
 19377 | Gauntlet | Found a transporter.
 19377 | Gauntlet | Found a transporter.
 19387 | Gauntlet | Found a transporter.
 19398 | Gauntlet | Found a transporter.
 19934 | Orc:2    | Found a dark tunnel.
 19941 | Volcano  | Entered a volcano
 20606 | Orc:2    | Reached skill level 15 in Fighting
 20613 | Orc:2    | Identified 2 scrolls of acquirement
 21025 | Orc:2    | Found a staircase to the Elven Halls.
 21052 | Orc:2    | Reached skill level 15 in Armour
 21103 | Orc:2    | Received a gift from Trog
 21103 | Orc:2    | Reached XP level 15. HP: 122/141 MP: 18/18
 21233 | Orc:2    | Found Iplig's Antique Armour Shop.
 21233 | Orc:2    | Found Xugeugg's Food Emporium.
 21234 | Orc:2    | Found Maghix's Food Emporium.
 21234 | Orc:2    | Found Gunlistenac's Antique Armour Boutique.
 21499 | Orc:2    | Identified the +3 buckler of Repulsion {Regen+ Dex-3
                  | Stlth+} (You acquired it on level 2 of the Orcish Mines)
 22125 | D:13     | Found a gate to the Vaults.
 22138 | D:13     | Received a gift from Trog
 22259 | D:13     | Noticed Nessos
 22550 | D:13     | Killed Nessos
 22963 | D:13     | Noticed Josephine
 22973 | D:13     | Killed Josephine
 23392 | D:14     | Noticed a fire giant
 23415 | D:14     | Received a gift from Trog
 23477 | D:14     | Reached skill level 21 in Axes
 24035 | D:14     | Reached XP level 16. HP: 93/152 MP: 19/19
 24444 | D:15     | Entered Level 15 of the Dungeon
 24905 | D:15     | Noticed Kirke
 24919 | D:15     | Killed Kirke
 24919 | D:15     | Reached skill level 22 in Axes
 24923 | D:15     | Received a gift from Trog
 25247 | D:15     | Found a staircase to the Depths.
 25370 | D:15     | Found Axkiwouz's Gadget Emporium.
 25893 | Spider:1 | Entered Level 1 of the Spider Nest
 26648 | Spider:1 | Reached skill level 23 in Axes
 27094 | Elf:1    | Entered Level 1 of the Elven Halls
 27314 | Elf:1    | Received a gift from Trog
 27558 | Elf:1    | Upgraded the game from 0.25-a0-425-g0e000e855e to
                  | 0.25-a0-426-g7d9e569eea
 28446 | Elf:1    | Reached skill level 5 in Dodging
 29224 | Elf:1    | Noticed an Executioner
 29236 | Elf:1    | HP: 3/152 [Executioner[a deep elf demonologist] (9)]
 29823 | Depths:1 | Entered Level 1 of the Depths
 30168 | D:15     | Reached XP level 17. HP: 99/160 MP: 20/20
 30794 | Depths:1 | Received a gift from Trog
 31686 | Depths:1 | Reached skill level 24 in Axes
 32003 | Depths:1 | Found a gateway to a ziggurat.
 32048 | Depths:1 | Reached skill level 10 in Dodging
 33098 | Depths:1 | Found a gateway to Hell.
 33500 | Depths:2 | Noticed Mara
 33517 | Depths:2 | HP: 5/160 [yaktaur captain/bolt (29)]
 33539 | Depths:2 | HP: 4/160 [spriggan air mage/the air (12)]
 33539 | Depths:2 | Slain by an ettin

Levels and vault maps discovered:
D:1:      dpeg_arrival_tiny_g, layout_rooms, minmay_cupped
D:2:      layout_loops_ring, cheibriados_altar_1,
          chequers_ecumenical_altar_island, grunt_ministairs_5
D:3:      layout_basic, makhleb_altar_promises_db,
          gammafunk_temple_overflow_statue
D:4:      layout_loops_corners, first_ration
D:5:      layout_cave_pools, kennysheep_ying_yang, serial_shops,
          nicolae_shop_window_shopping, uniq_eustachio
D:6:      layout_basic, minmay_temple_entry_glassed_door, serial_shops, shop,
          basic_altar, uniq_duvessa
D:7:      layout_loops_ring, lightli_bailey_entry_fortress
D:8:      layout_cave_pools, nicolae_qazlal_eye_of_the_storm, grunt_livestock,
          uniq_prince_ribbit1
D:9:      layout_roguey, ebering_dispersal_statue_hall, uniq_maurice,
          uniq_joseph
D:10:     layout_grid_maze, erik_lair_island, serial_ice, serial_ice_i,
          serial_ice_n, serial_ice_h, serial_ice_e, serial_ice_d, serial_ice_g
D:11:     layout_small_grid, roderic_batcave, yredelemnul_altar_generic
D:12:     layout_small_grid, orc_0_dummy, uniq_urug
D:13:     layout_irregular_city, lightli_vaults_fourway_checkpoint,
          serial_column_ruins, column_ruins_open_tiny,
          column_ruins_columns_straight, column_ruins_open_medium,
          column_ruins_open_tiny, column_ruins_columns_straight,
          column_ruins_grid_2, uniq_josephine, uniq_nessos
D:14:     minmay_triangles_in_corner, layout_basic, minmay_misc_feat_nine_boxes,
          grunt_ministairs_9, onia_ninara_dug_in_and_dangerous
D:15:     grunt_enter_depths_snipers, layout_loops_cross, serial_shops, shop,
          uniq_kirke
Lair:1:   layout_small_grid, guppyfry_lair_drakes, grunt_megastairs_1,
          infiniplex_staircase_pool_2, uniq_harold
Lair:2:   layout_big_grid, grunt_megastairs_5, uniq_gastronok
Lair:3:   layout_regular_city, elwin_shoals_entry_stream,
          gammafunk_ghost_cemetery, serial_bayou_shore_b
Lair:4:   layout_regular_city, dummy_spider_entry, basic_altar,
          hangedman_lair_unloving_vines, nicolae_quartered_pool_super,
          minivault_26, uniq_sonja
Lair:5:   layout_roguey, slime_altar_1, fungi_pond_lemuel, grunt_megastairs_2
Lair:6:   gammafunk_lair_ancient_temple, layout_loops_ring
Spider:1: layout_spider_delve, guppyfry_spider_mini_2
Orc:1:    layout_caves, serial_shops, shop, uniq_snorg, uniq_erica
Orc:2:    st_orc_ogre_mass, layout_diamond_mine, gauntlet_entry_generic,
          nicolae_volcano_entry_vermiform, special_room
Elf:1:    eino_elf_arrival_shootout, layout_geoelf_diagonals, orc_legates,
          st_stairs_12, grunt_ministairs_1
Depths:1: layout_cave_shapes, enter_ziggurat_e, lightli_too_deep,
          serial_sigils_hangedman_scratch, kennysheep_generic_room_9
Depths:2: minmay_blocking_statues, layout_basic, serial_bayou_shore_b,
          hell_entry, grunt_pan_entry_zigzag, infiniplex_staircase_zigzag_1,
          minmay_shop_grove, uniq_mara

Skill      XL: |  1  2  3  4  5  6  7  8  9 10 11 12 13 14 15 16 17 |
---------------+----------------------------------------------------+-----
Axes           | 4 5 6 7 8 10 12 16 17 18 20 21 23 24 | 24.2
Fighting       | 4 5 6 7 9 10 12 13 15 16 | 16.6
Armour         | 3 4 5 6 7 8 10 11 13 15 16 | 16.4
Evocations     | 2 5 6 |  6.0
Dodging        | 6 11 | 11.3

Action                   |  1- 3 |  4- 6 |  7- 9 | 10-12 | 13-15 | 16-18 || total
-------------------------+-------+-------+-------+-------+-------+-------++-------
Melee: Hand axe          |    65 |   171 |    68 |       |       |       ||   304
       Headbutt          |     4 |    26 |    35 |    99 |   213 |   127 ||   504
       War axe           |       |       |   180 |    91 |       |       ||   271
       Battleaxe         |       |       |       |   404 |   660 |       ||  1064
       Executioner's axe |       |       |       |       |   189 |   539 ||   728
Throw: Throwing net      |       |       |     3 |     2 |     1 |       ||     6
Invok: Berserk           |       |     2 |     8 |    11 |     8 |     8 ||    37
       Trog's Hand       |       |       |       |     1 |     4 |     9 ||    14
       Brothers in Arms  |       |       |       |       |     1 |     1 ||     2
Evoke: Wand              |       |       |       |       |       |     3 ||     3
  Use: Scroll            |       |       |     3 |     6 |    23 |     5 ||    37
       Potion            |       |       |       |       |     2 |     4 ||     6
  Eat: Chunk             |     1 |     9 |    14 |    28 |    58 |    40 ||   150
       Ration            |       |       |     1 |     2 |       |       ||     3
Armor: Animal skin       |    14 |    12 |       |       |       |       ||    26
       Ring mail         |       |    13 |       |       |       |       ||    13
       Scale mail        |       |    15 |    77 |       |       |       ||    92
       Chain mail        |       |       |    29 |   287 |   437 |   440 ||  1193
Dodge: Dodged            |    48 |   109 |   117 |   225 |   359 |   320 ||  1178

Table legend:
 A = Non-vault XP
 B = Vault XP
 C = Vault XP percentage of total XP
 D = Non-vault monster count
 E = Vault monster count
 F = Vault count percentage of total count
                 A         B        C        D         E       F
            +---------+---------+-------+---------+---------+-------
      Total |  171381 |   93632 |  35.3 |     663 |     246 |  27.1
            +---------+---------+-------+---------+---------+-------
        D:1 |      29 |       3 |   9.4 |      14 |       1 |   6.7
        D:2 |      83 |       7 |   7.8 |      19 |       2 |   9.5
        D:3 |      85 |       0 |   0.0 |      26 |       0 |   0.0
        D:4 |     427 |       0 |   0.0 |      28 |       0 |   0.0
        D:5 |     399 |     188 |  32.0 |      18 |       1 |   5.3
        D:6 |     304 |     223 |  42.3 |      13 |       2 |  13.3
        D:7 |    1184 |     112 |   8.6 |      19 |      12 |  38.7
        D:8 |    1341 |    1209 |  47.4 |      10 |       6 |  37.5
        D:9 |    4365 |     767 |  14.9 |      29 |       2 |   6.5
       D:10 |    4066 |    2046 |  33.5 |      38 |      22 |  36.7
       D:11 |    4983 |      11 |   0.2 |      31 |       7 |  18.4
       D:12 |    2468 |     839 |  25.4 |      17 |       1 |   5.6
       D:13 |    8722 |    9040 |  50.9 |      38 |      18 |  32.1
       D:14 |   13196 |   10572 |  44.5 |      48 |      23 |  32.4
       D:15 |   15893 |    4433 |  21.8 |      34 |       4 |  10.5
     Lair:1 |    4983 |    1906 |  27.7 |      20 |       7 |  25.9
     Lair:2 |    3965 |    2277 |  36.5 |      16 |       2 |  11.1
     Lair:3 |    6689 |    1471 |  18.0 |      24 |       4 |  14.3
     Lair:4 |    6523 |     807 |  11.0 |      22 |       1 |   4.3
     Lair:5 |    7887 |    1048 |  11.7 |      25 |       4 |  13.8
     Lair:6 |    5679 |   10024 |  63.8 |      17 |      27 |  61.4
   Spider:1 |   10024 |       0 |   0.0 |      22 |       0 |   0.0
      Orc:1 |     752 |       0 |   0.0 |       9 |       0 |   0.0
      Orc:2 |    3847 |   20658 |  84.3 |      42 |      43 |  50.6
      Elf:1 |   11713 |   12977 |  52.6 |      19 |      28 |  59.6
   Depths:1 |   40444 |    3283 |   7.5 |      48 |       3 |   5.9
   Depths:2 |   11330 |       0 |   0.0 |      17 |       0 |   0.0
    Volcano |       0 |    3714 | 100.0 |       0 |      12 | 100.0
   Gauntlet |       0 |    6017 | 100.0 |       0 |      14 | 100.0
            +---------+---------+-------+---------+---------+-------
